 Dungeon Crawl Stone Soup version 0.25-a0-578-gc91f01c39c (webtiles) character file.

Game seed: 9387576384262845507, levelgen mode: deterministic

1429 Lugonue the Scratcher (level 8, -1/36 HPs)
             Began as a Felid Transmuter on Mar 3, 2020.
             Slain by a bullfrog (8 damage)
             ... on level 7 of the Dungeon.
             The game lasted 00:16:16 (8500 turns).

Lugonue the Scratcher (Felid Transmuter)            Turns: 8500, Time: 00:16:16

Health: -1/36      AC:  2    Str: 10    XL:     8   Next: 44%
Magic:  14/17      EV: 24    Int: 16    God:
Gold:   219        SH:  0    Dex: 22    Spells: 9/18 levels left
                                        Lives:  0   Deaths: 2

rFire    . . .     SeeInvis +     - Unarmed
rCold    . . .     Gourm    .   (shield unavailable)
rNeg     . . .     Faith    .   (armour unavailable)
rPois    x         Spirit   .   (helmet unavailable)
rElec    .         Reflect  .   (cloak unavailable)
rCorr    .         Harm     .   (gloves unavailable)
MR       ++...                  (boots unavailable)
Stlth    +++.......             q - amulet of magic regeneration
HPRegen  0.12/turn              e - +4 ring of strength
MPRegen  0.40/turn              o - ring of protection from magic

@: spider-form
A: tiny, no armour, no weapons or thrown items, stealth, see invisible,
carnivore, slow metabolism 1
a: End Transformation


You were on level 7 of the Dungeon.
You were very full.
You were a venomous arachnid creature.
You visited 2 branches of the dungeon, and saw 8 of its levels.

You collected 219 gold pieces.

Inventory:

Missiles
 a - 53 arrows
Jewellery
 e - a +4 ring of strength (left front leg)
 g - an uncursed ring of protection from cold
 i - an uncursed ring of flight
 o - a ring of protection from magic (right front leg)
 q - an amulet of magic regeneration (around neck)
Wands
 y - a wand of digging (8)
Scrolls
 h - 2 scrolls of magic mapping
 j - 2 scrolls of fog
 m - a scroll of amnesia
 p - 4 scrolls of identify
 s - 3 scrolls of teleportation
 v - a scroll of remove curse
Potions
 b - a potion of invisibility
 d - a potion of degeneration
 f - 3 potions of curing
 k - a potion of might {unknown}
 l - a potion of resistance {unknown}
 n - a potion of berserk rage {unknown}
 t - a potion of cancellation {unknown}
 w - a potion of stabbing {unknown}
 x - a potion of haste {unknown}
Comestibles
 c - 9 rations


   Skills:
 * Level 3.9 Fighting
 + Level 4.9 Dodging
 + Level 3.3 Stealth
 + Level 7.2 Unarmed Combat
 * Level 5.6 Spellcasting
 + Level 5.2 Transmutations
 + Level 2.5 Poison Magic


You had 9 spell levels left.
You knew the following spells:

 Your Spells              Type           Power        Failure   Level  Hunger
a - Sticks to Snakes      Tmut           ###.....     10%         2    #......
b - Spider Form           Tmut/Pois      ###.......   22%         3    ##.....
c - Ice Form              Ice/Tmut       ##......     65%         4    ####...

Your spell library contained the following spells:

 Spells                   Type           Power        Failure   Level  Hunger
 Beastly Appendage        Tmut           ###...       7%          1    None
 Blade Hands              Tmut           ###.......   65%         5    ######.


Dungeon Overview and Level Annotations

Branches:
Dungeon (7/15)             Temple (1/1) D:5

Altars:
Ashenzari
Cheibriados
Dithmenos
Elyvilon
Fedhas
Gozag
Hepliaklqana
Makhleb
Nemelex Xobeh
Qazlal
Ru
Sif Muna
Trog
Uskayaw
Vehumet
Wu Jian
Xom
The Shining One

Shops:
D:4 ?

Annotations:
D:6 1 runed translucent door, Flugslaktarn's ghost, novice DDFi


Innate Abilities, Weirdness & Mutations

You cannot wear armour.
You are incapable of wielding weapons or throwing items.
Your paws allow you to move quietly. (Stealth)
((You have sharp claws.))
((You have razor-sharp teeth.))
You have supernaturally acute eyesight. (SInv)
You are carnivorous and can eat meat at any time.
((You cover ground quickly.))
((You are covered in thick fur. (AC +2)))
You have a slow metabolism.
((Your sharp claws are effective at attacking unaware monsters.))


Message History

Confirm with . or Enter, or press ? or * to list all spells.
You turn into a venomous arachnid creature.
The iguana misses you.
You bite the bullfrog!
The bullfrog is poisoned.
The bullfrog is heavily wounded.
The bullfrog misses you.
Casting: Spider Form (safe; 22% risk of failure)
Confirm with . or Enter, or press ? or * to list all spells.
You create a snake!
You now have 53 arrows.
The bullfrog misses you. The iguana bites you! The bullfrog barely misses you.
You barely miss the bullfrog.
The bullfrog is severely wounded.
The iguana bites you!
* * * LOW HITPOINT WARNING * * *
The bullfrog closely misses you.
Your adder barely misses the iguana.
You hit the iguana.
The iguana is poisoned.
The iguana is moderately wounded.
The bullfrog misses you. The iguana closely misses you.
Your adder barely misses the iguana.
The bullfrog hits you!
You die...

#?....a .#
...^..##.##.....
?
.......#...J....
.
...............
. ..............
. #............
. #............
. #.S......#
....# #..ls...#
##.#..#
#...F...#
.#....#
#.#.#...#
.#....#
#.........
......#
#...........
......#
#...####...#
.....># #..#
...# .#....# #..
..## .#....#


You could see a bullfrog, an iguana, an ooze (sleeping) and a friendly adder.

Vanquished Creatures
  An orc warrior (D:6)
  A phantom (D:5)
  A sky beast (D:6)
  2 necrophages
  A centaur (D:5)
  An ogre (D:6)
  2 bullfrogs
  3 scorpions
  A centaur zombie (D:3)
  A jelly (D:6)
  2 crimson imps (D:5)
  A gnoll shaman (D:6)
  2 orc priests
  4 hounds
  2 orc wizards
  An iguana (D:7)
  6 worker ants
  A hound skeleton (D:6)
  18 gnolls
  12 adders
  2 shadow imps
  2 oozes
  2 worms
  5 dart slugs
  A leopard gecko (D:1)
  17 orcs
  14 bats
  2 giant cockroaches
  9 goblins
  13 hobgoblins
  9 jackals
  3 quokkas
  4 frilled lizards
  A jackal zombie (D:6)
  2 kobolds
  A leopard gecko zombie (D:6)
  6 rats
156 creatures vanquished.

Vanquished Creatures (collateral kills)
  A centaur (D:6)
  An orc wizard (D:6)
  2 gnolls
  An orc (D:4)
5 creatures vanquished.

Vanquished Creatures (others)
  2 plants (D:6)
  2 withered plants (D:6)
4 creatures vanquished.

Grand Total: 165 creatures vanquished

Notes
Turn   | Place    | Note
-------+----------+-------------------------------------------
     0 | D:1      | Lugonue the Felid Transmuter began the quest for the Orb.
     0 | D:1      | Reached XP level 1. HP: 9/9 MP: 4/4
   204 | D:1      | Reached XP level 2. HP: 12/12 MP: 4/6
   702 | D:1      | Reached XP level 3. HP: 15/15 MP: 5/7
   838 | D:1      | Learned a level 3 spell: Spider Form
  2107 | D:2      | Reached skill level 4 in Unarmed Combat
  2107 | D:2      | Reached XP level 4. HP: 10/19 MP: 4/8
  2447 | D:2      | Found a stormy altar of Qazlal.
  2782 | D:2      | Reached skill level 1 in Stealth
  2961 | D:2      | Learned a level 4 spell: Ice Form
  2986 | D:3      | Reached XP level 5. HP: 22/22 MP: 9/9
  3096 | D:3      | Reached skill level 1 in Poison Magic
  3161 | D:3      | Found a radiant altar of Vehumet.
  3207 | D:3      | Found a glowing golden altar of the Shining One.
  4352 | D:4      | Reached skill level 5 in Unarmed Combat
  4352 | D:4      | Gained mutation: You are covered in thick fur. (AC +2)
                  | [Felid growth]
  4352 | D:4      | Reached XP level 6. HP: 25/25 MP: 7/11
  4373 | D:4      | Slain by a gnoll
  4374 | D:4      | Reached XP level 5. HP: -1/22 MP: 6/10
  4392 | D:4      | Learned a level 2 spell: Sticks to Snakes
  4491 | D:4      | Found Lebren's Magic Scroll Emporium.
  5005 | D:4      | Found a shattered altar of Ashenzari.
  5165 | D:4      | Reached XP level 6. HP: 25/25 MP: 5/11
  5616 | D:5      | Entered Level 5 of the Dungeon
  5673 | D:5      | Found a staircase to the Ecumenical Temple.
  5706 | Temple   | Entered the Ecumenical Temple
  5973 | D:5      | Reached XP level 7. HP: 14/30 MP: 4/13
  6595 | D:5      | Found a burning altar of Makhleb.
  6921 | D:6      | Reached skill level 6 in Unarmed Combat
  6939 | D:6      | Found a runed translucent door.
  6939 | D:6      | Noticed Flugslaktarn's ghost (novice DDFi)
  6978 | D:6      | Shot with an arrow by a centaur
  6979 | D:6      | Reached XP level 6. HP: -2/27 MP: 5/13
  7025 | D:5      | Reached XP level 7. HP: 22/30 MP: 10/14
  7458 | D:6      | Reached skill level 5 in Spellcasting
  7714 | D:6      | Reached skill level 5 in Transmutations
  7714 | D:6      | Reached XP level 8. HP: 24/34 MP: 13/16
  8384 | D:7      | Reached skill level 7 in Unarmed Combat
  8393 | D:7      | Found a hazy altar of Hepliaklqana.
  8500 | D:7      | Slain by a bullfrog

Levels and vault maps discovered:
D:1:      wheals_arrival_shading, layout_loops_cross, st_stairs_9
D:2:      layout_loops_ring, lemuel_crystal_altar, minmay_misc_feat_x,
          wad_floor_pattern_untrapped
D:3:      minmay_chambers_of_twos, layout_rooms, lemuel_round_altar,
          nicolae_overflow_hidden_temple, first_ration, guppyfry_early_orc_mine
D:4:      layout_loops_ring, cheibrodos_ashenzari_chains, serial_shops,
          shop_scrolls, grunt_decor_arrowhead, st_stairs_6
D:5:      layout_loops_ring, minmay_temple_entry_antechambers,
          makhleb_blood_cavern_becter
D:6:      layout_gridville, gammafunk_ghost_grave, kennysheep_boxes
D:7:      layout_cave_pools, lemuel_mausoleum_altar_yredelemnul,
          lemuel_coloured_pillars_altar, grunt_temple_overflow_open,
          serial_shops, nicolae_shop_trees, grunt_livestock, minivault_11
Temple:   nicolae_temple_god_jail

Skill      XL: |  1  2  3  4  5  6  7  8 |
---------------+-------------------------+-----
Dodging        | 3 4 |  4.9
Transmutations | 3 4 5 |  5.2
Unarmed Combat | 4 5 6 7 |  7.2
Stealth        | 1 3 |  3.3
Poison Magic   | 1 2 |  2.5
Spellcasting   | 3 5 |  5.6
Fighting       | 2 3 |  3.9

Action                   |  1- 3 |  4- 6 |  7- 9 || total
-------------------------+-------+-------+-------++-------
Melee: Unarmed           |   111 |   212 |   146 ||   469
       Bite              |     7 |     5 |       ||    12
       Headbutt          |     7 |     2 |       ||     9
       Punch             |       |     1 |     1 ||     2
 Cast: Beastly Appendage |     9 |     3 |       ||    12
       Spider Form       |     5 |    36 |    23 ||    64
       Sticks to Snakes  |       |    10 |    16 ||    26
 Abil: End Transformatio |       |     7 |     2 ||     9
  Use: Potion            |     1 |     1 |     1 ||     3
       Scroll            |     2 |     7 |     4 ||    13
 Stab: Sleeping          |     3 |     7 |     4 ||    14
       Distracted        |       |     2 |     1 ||     3
  Eat: Chunk             |     2 |    20 |    10 ||    32
       Ration            |     1 |       |       ||     1
Armor: Skin              |     9 |     6 |     5 ||    20
Dodge: Dodged            |   121 |   198 |   116 ||   435

Table legend:
 A = Non-vault XP
 B = Vault XP
 C = Vault XP percentage of total XP
 D = Non-vault monster count
 E = Vault monster count
 F = Vault count percentage of total count
                 A         B        C        D         E       F
            +---------+---------+-------+---------+---------+-------
      Total |    2717 |     134 |   4.7 |     142 |      19 |  11.8
            +---------+---------+-------+---------+---------+-------
        D:1 |      58 |       2 |   3.3 |      30 |       2 |   6.2
        D:2 |     135 |       0 |   0.0 |      22 |       0 |   0.0
        D:3 |     127 |      57 |  31.0 |      18 |      15 |  45.5
        D:4 |     305 |      32 |   9.5 |      18 |       1 |   5.3
        D:5 |     643 |      43 |   6.3 |      15 |       1 |   6.2
        D:6 |    1163 |       0 |   0.0 |      32 |       0 |   0.0
        D:7 |     286 |       0 |   0.0 |       7 |       0 |   0.0
            +---------+---------+-------+---------+---------+-------
